 Dungeon Crawl Stone Soup version 0.20.1-1-g8b1a95d (webtiles) character file.

207669 Savaroth the Warrior (level 18, -21/175 (176) HPs)
             Began as a Minotaur Berserker on Aug 5, 2017.
             Was the Champion of Trog.
             Shot with an arrow by a deep elf master archer (25 damage)
             ... on level 3 of the Elven Halls.
             The game lasted 02:58:05 (41080 turns).

Savaroth the Warrior (Minotaur Berserker)          Turns: 41080, Time: 02:58:05

HP:   -21/175 (176) AC: 28    Str: 23    XL:     18   Next: 48%
MP:   5/5           EV: 20    Int:  4    God:    Trog [******]
Gold: 2140          SH:  0    Dex: 21    Spells: 17/17 levels left

rFire    + . .     SeeInvis .   X - +5 executioner's axe (antimagic)
rCold    + . .     Gourm    .   (shield currently unavailable)
rNeg     + + .     Faith    .   Q - +4 plate armour {MR+}
rPois    +         Spirit   .   K - -2 hat of the Alchemist {rElec rPois rF+ rC+ rN+ MR+ rMut rCorr}
rElec    +         Reflect  .   r - +0 cloak
rCorr    +         Harm     .   u - +1 pair of gloves
rMut     +                      n - +1 pair of boots {run}
MR       +++..                  e - amulet of regeneration
Stlth    ..........             y - +4 ring of dexterity
Regen    0.8/turn               S - ring of positive energy
MPRegen  0.1/turn

@: berserk cooldown, slowed, very slow
A: retaliatory headbutt, horns 2
a: Berserk, Trog's Hand, Brothers in Arms, Burn Spellbooks, Renounce Religion


You were on level 3 of the Elven Halls.
You worshipped Trog.
Trog was exalted by your worship.
You were not hungry.

You visited 4 branches of the dungeon, and saw 26 of its levels.
You also visited: Labyrinth.

You collected 2866 gold pieces.
You spent 726 gold pieces at shops.

Inventory:

Hand Weapons
 q - a +1 battleaxe of flaming
 X - a +5 antimagic executioner's axe (weapon)
Armour
 n - a +1 pair of boots of running (worn)
 r - a +0 cloak (worn)
 u - a +1 pair of gloves (worn)
 K - the -2 hat of the Alchemist (worn) {rElec rPois rF+ rC+ rN+ MR+ rMut rCorr}
   (You found it on level 8 of the Dungeon)

   It protects you from fire.
   It protects you from cold.
   It insulates you from electricity.
   It protects you from poison.
   It protects you from negative energy.
   It affects your resistance to hostile enchantments.
   It protects you from acid and corrosion.
   It protects you from mutation.
 P - a +1 hat of magic resistance
 Q - a +4 plate armour of magic resistance (worn)
Jewellery
 e - an amulet of regeneration (around neck)
 y - a +4 ring of dexterity (left hand)
 A - an uncursed ring of positive energy
 D - an uncursed ring of stealth
 R - an uncursed ring of resist corrosion
 S - a ring of positive energy (right hand)
 V - an uncursed ring of poison resistance
Wands
 F - a wand of digging (8/24)
Scrolls
 a - 3 scrolls of blinking
 g - 2 scrolls of summoning
 k - 2 scrolls of fog
 o - 4 scrolls of teleportation
 p - 15 scrolls of remove curse
 s - a scroll of enchant armour
 v - a scroll of enchant weapon
 M - 2 scrolls of magic mapping
 Y - a scroll of fear
 Z - 3 scrolls of identify
Potions
 b - 2 potions of haste
 h - 20 potions of curing
 i - 4 potions of invisibility
 j - 2 potions of ambrosia {unknown}
 l - 2 potions of brilliance {unknown}
 m - a potion of magic {unknown}
 w - 3 potions of flight
 x - 5 potions of heal wounds {unknown}
 z - a potion of resistance
 B - 2 potions of mutation {unknown}
 C - a potion of agility
 H - 2 potions of degeneration {unknown}
 J - a potion of berserk rage {unknown}
 T - 3 potions of lignification {unknown}
 U - a potion of might {unknown}
 W - 3 potions of cancellation
Comestibles
 c - 7 bread rations
 d - 10 meat rations
 f - 9 royal jellies
 I - 2 fruits


   Skills:
 + Level 19.5 Fighting
 + Level 19.3 Axes
 + Level 19.3 Armour
 + Level 17.9 Dodging


You had 17 spell levels left.
You didn't know any spells.

Dungeon Overview and Level Annotations

Branches:
Dungeon (15/15)            Temple (0/1) D:4            Lair (6/6) D:8
 Shoals (0/4) Lair:3        Snake (0/4) Lair:4        Slime (0/5) Lair:6
    Orc (2/2) D:10            Elf (3/3) Orc:2        Vaults (0/5) D:14
 Depths (0/5) D:15

Altars:
Elyvilon
Fedhas
Kikubaaqudgha
Nemelex Xobeh
Okawaru
Ru
Uskayaw
Yredelemnul
Zin
Beogh

Shops:
D:6 %   D:11 ?   D:12 [(   Orc:2 *}*[   Elf:2 *   Elf:3 :

Portals:
Trove: Elf:2 (give 2 scrolls of acquirement)

Annotations:
Elf:1 Roxanne


Innate Abilities, Weirdness & Mutations

You reflexively headbutt those who attack you in melee.
You have a pair of horns on your head.


Message History

* * * LOW HITPOINT WARNING * * *
You hear a splash.
You see here 2 arrows.
The deep elf master archer shoots an arrow.
The arrow hits you!!
* * * LOW HITPOINT WARNING * * *
You see here an arrow.
You feel your anger subside.
The deep elf master archer shoots an arrow.
The arrow barely misses you.
You hear a splash.
You are no longer berserk.
You are exhausted.
You feel yourself slow down.
The deep elf master archer shoots an arrow.
The arrow closely misses you.
You miss the deep elf master archer.
The deep elf master archer shoots an arrow.
The arrow hits you!!
You die...

.# #.# ##.# #.# #.# ## #.#
##..####.####.# # #.#
#.............# ## #.#
#.≈≈≈≈.≈≈≈≈≈..# .###'##
#.≈≈≈≈.≈≈≈≈≈..# #'#.).##
#.≈≈≈≈.≈≈≈≈≈..# ##...).##
#.≈≈≈≈.≈≈≈≈≈..#
#.......######.e≈≈≈.......##
#.......'..).+..@.(..≈≈≈≈.#
#.......#####(.≈≈≈≈(.≈≈≈≈.#
##.....## #()≈≈≈≈≈)≈≈≈≈.#
#'#...## #(.≈≈≈≈≈()≈≈≈.#
.###### #).≈≈≈≈≈(≈≈≈≈.# ##
#.......(.....# #
#........((#### ###
############ ..#


You could see a deep elf master archer.

Vanquished Creatures
  Nikola (Elf:1)
  2 deep elf master archers (Elf:3)
  Gastronok (D:9)
  A tengu reaver (D:12)
  A fire giant (D:12)
  A frost giant (D:12)
  8 deep elf sorcerers
  6 deep elf elementalists
  Louise (Elf:1)
  A large abomination (Elf:3)
  2 deep elf demonologists
  5 deep elf annihilators (Elf:3)
  2 ettins
  Snorg (Orc:1)
  2 deep elf death magi
  Josephine (Orc:1)
  The ghost of Thaneod the Cleaver, a journeyman MiBe of Trog (D:11)
  Erolcha (D:10)
  A minotaur (Lab)
  2 deep elf high priests (Elf:3)
  A great orb of eyes (D:12)
  13 hydras
  5 vault guards (Elf:2)
  6 two-headed ogres
  Erica (D:11)
  2 catoblepae
  4 centaur warriors
  2 death knights
  5 death yaks (Lair:6)
  34 dancing weapons
  2 tengu warriors (D:14)
  4 orc high priests (Orc:2)
  Nergalle (D:10)
  19 deep elf knights
  An unseen horror (D:14)
  An iron troll (shapeshifter) (Elf:2)
  A death drake (shapeshifter) (Elf:1)
  A glowing orange brain (D:15)
  15 deep elf archers
  An orange crystal statue (Elf:1)
  A lindwurm (shapeshifter) (D:15)
  2 lindwurms (Lair:3)
  A necromancer (D:14)
  10 ugly things (D:15)
  5 orc sorcerers
  The ghost of Dustman the Cleaver, a novice DsGl of Makhleb (D:6)
  5 cyclopes
  62 deep elf magi
  6 orc knights (Orc:2)
  An oklob plant (Lair:1)
  7 manticores
  A torpor snail (Lair:4)
  5 black mambas
  33 spiny frogs
  6 centaur skeletons
  Maurice (D:11)
  Psyche (D:11)
  24 elephants
  3 gargoyles
  2 spiny frogs (shapeshifter)
  A freezing wraith (D:13)
  2 kobold demonologists (D:13)
  6 rime drakes
  13 komodo dragons
  2 tengu conjurers
  6 trolls
  4 tyrant leeches (Lair:6)
  A meliai (shapeshifter) (D:15)
  Grinder (D:4)
  2 polar bears
  3 meliai (D:15)
  7 hippogriffs
  7 hornets
  13 slime creatures
  A harpy skeleton (D:15)
  11 dream sheep (Lair:4)
  25 blink frogs
  9 water elementals
  36 yaks
  A vampire (D:10)
  4 air elementals (Elf:1)
  3 wyverns
  8 basilisks
  4 fire elementals
  6 wraiths
  11 vampire mosquitoes
  5 humans (D:8)
  A steam dragon (D:9)
  2 hungry ghosts
  2 acid dragons (D:15)
  4 wargs (Orc:2)
  Duvessa (D:7)
  9 swamp worms (Lair:5)
  28 water moccasins
  An acid dragon (shapeshifter) (Elf:1)
  2 phantoms
  7 porcupines
  23 orc warriors
  An eye of draining (shapeshifter) (Elf:1)
  A sky beast (D:7)
  A black bear (D:13)
  2 ice beasts (D:6)
  A hornet zombie (D:12)
  17 centaurs
  2 eyes of draining
  16 ogres
  4 wolves (Lair:3)
  16 crocodiles
  3 big kobolds
  32 bullfrogs
  A wyvern zombie (D:13)
  3 earth elementals
  Dowan (D:7)
  A wyvern skeleton (D:12)
  5 scorpions
  14 killer bees
  5 wights
  4 electric eels
  3 crimson imps
  2 bullfrog zombies (D:12)
  A quasit (D:12)
  6 centaur zombies
  6 hounds
  Crazy Yiuf (D:2)
  3 bullfrog skeletons
  23 orc priests
  6 jellies
  31 orc wizards
  Ijyb (D:5)
  3 iguanas
  10 worker ants
  7 hell rats (Lair:6)
  A hound zombie (D:6)
  A hound skeleton (D:14)
  Robin (D:4)
  A worker ant zombie (D:9)
  5 gnolls
  A howler monkey skeleton (D:4)
  19 adders
  6 shadow imps
  An ooze (D:1)
  3 adder skeletons
  11 worms
  A dart slug (D:1)
  6 leopard geckos
  90 orcs
  5 ball pythons
  3 giant cockroaches
  10 goblins
  A goblin (shapeshifter) (Elf:2)
  16 hobgoblins
  7 jackals
  9 kobolds
  8 quokkas
  10 bats
  2 frilled lizards
  A leopard gecko zombie (D:7)
  6 rats
  4 fungi
  3 plants
1074 creatures vanquished.

Vanquished Creatures (others)
  A deep elf mage (Elf:3)
  A bush (Lair:6)
  17 fungi
  56 plants
75 creatures vanquished.

Grand Total: 1149 creatures vanquished

Notes
Turn   | Place    | Note
-------+----------+-------------------------------------------
     0 | D:1      | Savaroth the Minotaur Berserker began the quest for the Orb.
     0 | D:1      | Reached XP level 1. HP: 19/19 MP: 0/0
   250 | D:1      | Reached XP level 2. HP: 8/27 MP: 1/1
   720 | D:1      | Reached XP level 3. HP: 33/33 MP: 2/2
  1373 | D:2      | Found an iron altar of Okawaru.
  1384 | D:2      | Reached ** piety under Trog
  1397 | D:2      | Reached XP level 4. HP: 38/41 MP: 3/3
  1510 | D:2      | Found a runed door.
  1595 | D:2      | Reached XP level 5. HP: 28/47 MP: 4/4
  1879 | D:2      | Reached skill level 5 in Fighting
  2138 | D:2      | Noticed Crazy Yiuf
  2144 | D:2      | Killed Crazy Yiuf
  2764 | D:4      | Noticed Robin
  2774 | D:4      | Noticed an ogre
  2910 | D:3      | Killed an ogre
  2910 | D:3      | Reached skill level 5 in Axes
  2910 | D:3      | Reached XP level 6. HP: 44/56 MP: 5/5
  2910 | D:3      | Reached *** piety under Trog
  2975 | D:4      | Killed Robin
  3118 | D:4      | Found a staircase to the Ecumenical Temple.
  3195 | D:4      | Noticed Grinder
  3203 | D:4      | Paralysed by Grinder for 2 turns
  3216 | D:4      | Killed Grinder
  3216 | D:4      | Reached skill level 5 in Armour
  3216 | D:4      | Reached XP level 7. HP: 48/62 MP: 6/6
  3648 | D:5      | Entered Level 5 of the Dungeon
  3693 | D:5      | Reached skill level 5 in Dodging
  4324 | D:5      | Reached XP level 8. HP: 63/71 MP: 7/7
  4332 | D:5      | Noticed Ijyb
  4340 | D:5      | Killed Ijyb
  4340 | D:5      | Reached **** piety under Trog
  4882 | D:6      | Found a blossoming altar of Fedhas.
  4939 | D:6      | Found a glowing silver altar of Zin.
  4947 | D:6      | Found a basalt altar of Yredelemnul.
  5365 | D:6      | Found Xixuol's Food Emporium.
  5408 | D:6      | Noticed Dustman's ghost (novice DsGl)
  5420 | D:6      | Reached XP level 9. HP: 60/81 MP: 8/8
  5430 | D:6      | Killed Dustman's ghost
  5953 | D:7      | Noticed Duvessa
  5953 | D:7      | Noticed Dowan
  5957 | D:7      | Killed Duvessa
  5958 | D:7      | Killed Dowan
  6671 | D:8      | Found a staircase to the Lair.
  6796 | D:8      | Reached ***** piety under Trog
  7216 | D:8      | Reached XP level 10. HP: 57/91 MP: 9/9
  7472 | D:8      | Found a white marble altar of Elyvilon.
  7524 | D:8      | Reached skill level 10 in Fighting
  7968 | D:8      | Reached skill level 10 in Axes
  7994 | D:9      | Noticed Gastronok
  8005 | D:9      | Killed Gastronok
  8005 | D:9      | Reached skill level 10 in Armour
  8135 | D:9      | Reached XP level 11. HP: 91/101 MP: 10/10
  8354 | D:9      | Found a sacrificial altar of Ru.
  8776 | Lair:1   | Entered Level 1 of the Lair of Beasts
  9089 | D:10     | Entered Level 10 of the Dungeon
  9289 | D:10     | Noticed Nergalle
  9308 | D:10     | Killed Nergalle
  9312 | D:10     | Reached skill level 10 in Dodging
  9539 | D:10     | Found a staircase to the Orcish Mines.
 10008 | D:11     | Noticed Erolcha
 10012 | D:11     | Noticed Thaneod's ghost (journeyman MiBe)
 10164 | D:10     | Killed Erolcha
 10349 | D:11     | Killed Thaneod's ghost
 10399 | D:11     | Noticed Psyche
 10427 | D:11     | Killed Psyche
 10688 | D:11     | Noticed Maurice
 10722 | D:11     | Killed Maurice
 10831 | D:11     | Found Imyforen's Magic Scroll Shoppe.
 10850 | D:11     | Bought a scroll of enchant weapon for 112 gold pieces
 10964 | D:11     | Noticed Erica
 10976 | D:11     | Killed Erica
 11297 | D:12     | Noticed a death knight
 11313 | D:12     | Killed a death knight
 11313 | D:12     | Reached XP level 12. HP: 24/112 MP: 11/11
 11682 | D:12     | Noticed a great orb of eyes
 11696 | D:12     | Killed a great orb of eyes
 12124 | Orc:1    | Entered Level 1 of the Orcish Mines
 12223 | Orc:1    | Found a roughly hewn altar of Beogh.
 12235 | Orc:1    | Noticed an ettin
 12235 | Orc:1    | Received a gift from Trog
 12247 | Orc:1    | Killed an ettin
 12742 | Orc:2    | Entered Level 2 of the Orcish Mines
 12914 | Orc:1    | Noticed Josephine
 12923 | Orc:1    | Killed Josephine
 13482 | Orc:2    | Found a staircase to the Elven Halls.
 13514 | Orc:2    | Noticed an orc high priest
 13522 | Orc:2    | Found Vaocuc's Assorted Antiques.
 13527 | Orc:2    | Noticed an orc high priest
 13530 | Orc:2    | Killed an orc high priest
 13536 | Orc:2    | Noticed an orc high priest
 13537 | Orc:2    | Killed an orc high priest
 13980 | Orc:2    | Noticed an orc high priest
 13993 | Orc:2    | Killed an orc high priest
 13995 | Orc:2    | Reached ****** piety under Trog
 14326 | Orc:2    | Found a roughly hewn altar of Beogh.
 14332 | Orc:2    | Reached XP level 13. HP: 87/122 MP: 12/12
 14346 | Orc:2    | Received a gift from Trog
 15426 | Orc:2    | Found Woefam's Gadget Shop.
 15427 | Orc:2    | Found Yfoow's Armour Emporium.
 15432 | Orc:2    | Found Pomics's Assorted Antiques.
 15458 | Orc:2    | Bought a +1 pair of boots of running for 584 gold pieces
 15653 | Orc:1    | Noticed Snorg
 15663 | Orc:1    | Killed Snorg
 16917 | Lair:1   | Found a sparkling altar of Nemelex Xobeh.
 17764 | Lair:2   | Received a gift from Trog
 17912 | Lair:2   | Found a hide-covered altar of Uskayaw.
 18946 | Lair:3   | Reached XP level 14. HP: 122/133 MP: 4/13
 19119 | Lair:3   | Found a staircase to the Shoals.
 20305 | Lair:4   | Found a staircase to the Snake Pit.
 20403 | Lair:4   | Received a gift from Trog
 20446 | Lair:4   | Reached skill level 15 in Armour
 20556 | Lair:4   | Reached skill level 15 in Fighting
 21058 | Lair:4   | Reached skill level 15 in Axes
 21142 | Lair:4   | Received a gift from Trog
 22809 | Lair:6   | Entered Level 6 of the Lair of Beasts
 23358 | Lair:6   | Reached XP level 15. HP: 140/143 MP: 4/14
 23687 | Lair:6   | Received a gift from Trog
 23831 | Lair:6   | Found a staircase to the Slime Pits.
 24698 | Lair:6   | Reached skill level 15 in Dodging
 26419 | D:12     | Noticed a fire giant
 26874 | D:12     | Killed a fire giant
 26881 | D:12     | Noticed a frost giant
 26898 | D:12     | Killed a frost giant
 26900 | D:12     | Got a serpentine tin ring
 27059 | D:12     | Noticed a tengu reaver
 27097 | D:12     | Killed a tengu reaver
 27101 | D:12     | Identified the cursed ring of the Rabble {AC-2 Int+4 SInv} (You took it off a frost giant on level 12 of the Dungeon)
 27629 | D:12     | Found Cik Hug's Armour Emporium.
 27697 | D:12     | Found an ancient bone altar of Kikubaaqudgha.
 27892 | D:12     | Found Bophan's Antique Weapon Shoppe.
 28062 | D:13     | Received a gift from Trog
 28570 | D:13     | Found a labyrinth entrance.
 28580 | Lab      | Entered a labyrinth
 32534 | Lab      | Reached XP level 16. HP: 154/154 MP: 5/15
 32547 | Lab      | Got a vibrating bronze ring
 32562 | Lab      | Identified the cursed ring of Wabumiq {EV-3 SInv} (You found it in a labyrinth)
 33025 | D:14     | Found a gate to the Vaults.
 33963 | D:15     | Entered Level 15 of the Dungeon
 34327 | D:15     | Received a gift from Trog
 34842 | D:15     | Found a hide-covered altar of Uskayaw.
 35501 | D:15     | Found a staircase to the Depths.
 35625 | D:11     | Bought a scroll of identify for 30 gold pieces
 35715 | Elf:1    | Entered Level 1 of the Elven Halls
 36589 | Elf:1    | Noticed Nikola
 36611 | Elf:1    | Killed Nikola
 36617 | Elf:1    | Received a gift from Trog
 36802 | Elf:1    | Noticed Roxanne
 37097 | Elf:1    | Reached XP level 17. HP: 162/162 MP: 5/16
 37274 | Elf:1    | Noticed Louise
 37334 | Elf:1    | Killed Louise
 37884 | Elf:2    | Received a gift from Trog
 38177 | Elf:2    | Found a runed gate.
 38177 | Elf:2    | Found a runed gate.
 38177 | Elf:2    | Found a runed gate.
 38520 | Elf:2    | Found a portal to a secret trove of treasure.
 38759 | Elf:2    | Found Faku Bik's General Store.
 39333 | Elf:2    | Received a gift from Trog
 39955 | Elf:3    | Entered Level 3 of the Elven Halls
 40056 | Elf:3    | Found Ikhlef's Book Boutique.
 40193 | Elf:3    | Reached XP level 18. HP: 152/175 MP: 5/17
 40899 | Elf:3    | Noticed a Tzitzimitl
 40908 | Elf:3    | Received a gift from Trog
 41077 | Elf:3    | HP: 2/262 [deep elf master archer/arrow (24)]
 41080 | Elf:3    | Shot with an arrow by a deep elf master archer

Skill      XL: |  1  2  3  4  5  6  7  8  9 10 11 12 13 14 15 16 17 18 |
---------------+-------------------------------------------------------+-----
Fighting       | 4 5 6 8 9 10 12 13 14 15 16 18 19 | 19.5
Armour         | 3 4 5 6 7 9 10 12 13 14 15 16 17 18 19 | 19.3
Dodging        | 3 4 5 6 8 9 11 12 13 14 15 16 17 | 17.9
Axes           | 4 5 6 7 9 10 11 13 14 15 16 17 18 19 | 19.3

Action                   |  1- 3 |  4- 6 |  7- 9 | 10-12 | 13-15 | 16-18 || total
-------------------------+-------+-------+-------+-------+-------+-------++-------
Melee: Hand axe          |    68 |    23 |       |       |       |       ||    91
       Headbutt          |     9 |    16 |    51 |   104 |   406 |   289 ||   875
       War axe           |       |    75 |     2 |       |       |       ||    77
       Unarmed           |       |     2 |       |       |       |       ||     2
       Broad axe         |       |       |    44 |       |   263 |       ||   307
       Battleaxe         |       |       |   243 |   479 |  1130 |   172 ||  2024
       Executioner's axe |       |       |       |       |       |   825 ||   825
Invok: Berserk           |       |     2 |     3 |     8 |    16 |    11 ||    40
       Burn Spellbooks   |       |       |       |       |     1 |     1 ||     2
Evoke: Wand              |       |       |       |       |    19 |       ||    19
  Use: Scroll            |       |     7 |     2 |     4 |    17 |    10 ||    40
       Potion            |       |       |       |     3 |       |     4 ||     7
 Stab: Sleeping          |     1 |       |       |       |       |       ||     1
       Distracted        |       |       |       |       |     1 |     1 ||     2
       Petrifying        |       |       |       |       |     1 |       ||     1
       Petrified         |       |       |       |       |     1 |       ||     1
  Eat: Chunk             |     1 |     8 |    15 |    23 |    51 |    22 ||   120
       Royal jelly       |       |       |       |     5 |     7 |     3 ||    15
       Meat ration       |       |       |       |       |     1 |     1 ||     2
       Fruit             |       |       |       |       |     2 |     5 ||     7
Armor: Animal skin       |    25 |     4 |       |       |       |       ||    29
       Scale mail        |       |    59 |    69 |       |       |       ||   128
       Skin              |       |     1 |       |       |       |       ||     1
       Plate armour      |       |       |    80 |   275 |   788 |   512 ||  1655
Dodge: Dodged            |    55 |    84 |   153 |   329 |  1105 |   676 ||  2402
